Map: Beckett Industries LE

Players

Eisley - Winner!

  • Race: Protoss Protoss

VOD

Have the link to the VOD?

Description

Time

  • Played on: March 2, 2022, 12:40 p.m.
  • Length: 19:21
Show
View Real Time Build Order
Export as new Build Order

Eisley Protoss - Winner!

Build Orders:  

Get SALT Encoding   

  12  0:03  Probe (Chrono Boost)  
  14  0:20  Probe (Chrono Boost)  
  14  0:24  Pylon  
  14  0:32  Probe (Chrono Boost)  
  15  0:46  Probe (Chrono Boost)  
  15  0:55  Gateway  
  16  1:11  Assimilator  
  16  1:13  Assimilator  
  16  1:16  Probe (Chrono Boost)  
  17  1:33  Probe (Chrono Boost)  
  17  1:36  Gateway  
  18  1:44  Probe (Chrono Boost)  
  19  1:55  Probe (Chrono Boost)  
  20  2:03  Cybernetics Core  
  14  2:10  Probe (Chrono Boost)  
  21  2:24  Pylon  
  21  2:26  Probe (Chrono Boost)  
  22  2:43  Probe (Chrono Boost)  
  24  3:00  Probe (Chrono Boost)  
  24  3:07  Stalker x2  
  28  3:20  Pylon  
  28  3:27  Probe (Chrono Boost)  
  29  3:49  Nexus  
  29  4:03  Robotics Facility  
  29  4:07  Stalker (Chrono Boost)  
  29  4:14  Stalker (Chrono Boost)  
  29  4:17  Warp Gate  
  33  4:36  Probe  
  34  4:53  Probe  
  34  4:54  Pylon  
  35  5:02  Gateway  
  35  5:14  Robotics Bay  
  35  5:17  Observer  
  36  5:39  Immortal (Chrono Boost)  
  40  6:08  Forge  
  40  6:13  Probe x2  
  42  6:27  Stalker  
  44  6:30  Probe x2  
  46  6:47  Probe x2  
  54  6:57  Colossus (Chrono Boost)  
  54  7:01  Assimilator  
  54  7:04  Assimilator, Probe  
  54  7:08  Pylon  
  55  7:21  Pylon  
  55  7:39  Gateway  
  55  7:47  Gateway  
  55  7:58  Twilight Council  
  55  7:59  Robotics Facility  
  55  8:16  Extended Thermal Lance  
  55  8:25  Probe  
  55  8:26  Probe  
  57  8:37  Stalker  
  57  8:39  Stalker  
  61  8:42  Probe  
  61  8:43  Probe  
  61  8:44  Stalker  
  65  8:59  Probe  
  55  9:00  Probe  
  67  9:14  Protoss Shields Level 1 (Chrono Boost)  
  67  9:16  Probe x2  
  69  9:33  Probe x2  
  71  9:45  Nexus  
  71  9:48  Pylon  
  71  9:51  Pylon  
  58  10:11  Stalker x3  
  50  10:47  Blink (Chrono Boost)  
  50  10:57  Colossus  
  50  10:58  Colossus  
  62  11:11  Assimilator  
  62  11:17  Assimilator  
  62  11:25  Pylon  
  62  11:27  Stalker  
  62  11:28  Stalker x3  
  70  11:32  Probe  
  70  11:33  Probe x2  
  73  11:49  Probe  
  72  11:50  Probe x2  
  76  12:06  Probe x2  
  76  12:07  Probe  
  79  12:23  Probe  
  79  12:24  Protoss Ground Armor Level 1 (Chrono Boost)  
  80  12:38  Stalker x2  
  80  12:39  Stalker x3  
  90  12:50  Pylon  
  90  12:51  Pylon  
  90  12:56  Pylon  
  90  12:57  Pylon  
  90  12:58  Charge  
  90  12:59  Pylon  
  90  13:01  Probe  
  90  13:02  Probe x2  
  93  13:14  Stalker x2  
  93  13:16  Stalker  
  93  13:18  Probe, Stalker  
  93  13:19  Probe x2  
  104  13:22  Stalker  
  106  13:36  Colossus (Chrono Boost)  
  112  13:40  Colossus (Chrono Boost)  
  124  14:58  Colossus (Chrono Boost)  
  130  15:00  Colossus (Chrono Boost)  
  130  15:01  Protoss Ground Weapons Level 1  
  130  15:05  Protoss Air Armor Level 1  
  130  15:10  Stalker  
  130  15:11  Stalker  
  130  15:12  Stalker x2  
  130  15:13  Stalker  
  140  15:26  Nexus  
  140  15:31  Assimilator  
  140  15:37  Assimilator  
  138  15:40  Pylon  
  138  15:43  Pylon  
  138  15:46  Pylon  
  138  15:49  Pylon  
  126  15:52  Pylon  
  107  16:23  Stalker x4  
  107  16:24  Stalker  
  119  16:57  Warp Prism (Chrono Boost)  
  119  16:59  Immortal (Chrono Boost)  
  117  17:30  Stalker x2  
  117  17:31  Stalker x3  
  131  17:47  Immortal (Chrono Boost)  
  137  17:57  Colossus (Chrono Boost)  
  135  18:41  Stalker  
  135  18:42  Stalker x4  
  145  18:51  Probe  
Tags
 
Add a new tag
Caveats
  • Supply blocks, unpowered buildings, or Contaminate may cause inaccurate times.
  • Supply counts are checked every 10 seconds.